AoeStats
← Josmi-Ga'lock

Arabia

509998130Analyzed
2v2 RM · 5d ago on Sep 29, 2026· 50m 52s· 4 players
Game mode
Random Map
Map size
Medium (4 player)
Population
200
Speed
Normal
Resources
Standard
Victory
Conquest
Starting age
Dark Age
Ending age
Imperial Age
RankedLock teamsTeams togetherTeam positionsShared explorationLock speedFull tech treeHidden civsTurbo modeCheats
Victory
Defeat
🇬🇧 Maya · United Kingdom
991
+16
🇨🇿 Vikings · Czechia
967
+16
🇻🇪 Slavs · Venezuela
999
-17
🇦🇷 Saxons · Argentina
960
-15
Steposaur_CZ
0:38 Loom
10:44 Feudal Age
11:29 Arson
11:08 Man-at-Arms
13:09 Scale Mail Armor
15:03 Horse Collar
22:47 Castle Age
20:44 Double-Bit Axe
21:17 Gold Mining
22:00 Fletching
25:15 Bow Saw
29:50 Forging
29:53 Town Watch
37:55 Imperial Age
37:10 Chieftains
37:35 Masonry
37:49 Ballistics
38:30 Chain Mail Armor
38:52 Iron Casting
39:29 Conscription
38:39 Capped Ram
40:41 Plate Mail Armor
40:24 Siege Ram
40:40 Elite Skirmisher
44:20 Blast Furnace
46:16 Elite Berserk
48:08 Heavy Plow
The Invisible Man
0:27 Loom
9:29 Feudal Age
10:03 Double-Bit Axe
15:06 Fletching
21:40 Castle Age
19:43 Horse Collar
21:06 Gold Mining
21:35 Padded Archer Armor
21:53 Crossbowman
22:57 Bodkin Arrow
23:19 Leather Archer Armor
23:50 Wheelbarrow
24:17 Bow Saw
24:15 Town Watch
25:37 Ballistics
28:39 Thumb Ring
31:49 Heavy Plow
31:45 Stone Mining
42:50 Imperial Age
40:36 Hand Cart
43:31 Arbalester
44:57 Bracer
45:27 Ring Archer Armor
46:13 Chemistry
45:49 Conscription
47:05 Capped Ram
48:16 Siege Ram
50:31 Town Patrol
Abyssus
5:17 Loom
14:06 Feudal Age
14:36 Horse Collar
24:37 Castle Age
23:53 Stone Mining
23:55 Gold Mining
27:35 Double-Bit Axe
28:52 Town Watch
29:34 Fletching
32:13 Murder Holes
34:10 Bow Saw
38:06 Heavy Plow
39:00 Wheelbarrow
43:18 Bodkin Arrow
44:31 Scale Barding Armor
45:36 Ballistics
47:46 Detinets
53:40 Imperial Age
Josmi-Ga'lock
0:27 Loom
10:17 Feudal Age
11:18 Double-Bit Axe
17:59 Forging
18:06 Fletching
20:58 Horse Collar
21:23 Town Watch
25:29 Castle Age
23:33 Stone Mining
26:07 Scale Mail Armor
25:52 Pikeman
26:32 Squires
31:09 Gold Mining
32:00 Elite Skirmisher
33:27 Padded Archer Armor
38:22 Imperial Age
36:04 Heavy Plow
38:07 Leather Archer Armor
40:29 Coinage
41:42 Conscription
40:46 Shield Wall
40:52 Halberdier
42:08 Ballistics
44:54 Chain Mail Armor
45:14 Iron Casting
45:38 Bodkin Arrow
48:55 Thumb Ring
Connection lost

Rejoining the realm…

Still unreachable

The connection could not be restored.

Session expired

The server has moved on; the page needs a fresh start.